 Dungeon Crawl Stone Soup version 0.30-a0-263-ge22c4ad894 (webtiles) character file.

Game seed: 761027303701750819

2 sscrono2 the Sneak (level 1, -3/16 HPs)
             Began as an Octopode Delver on Oct 13, 2022.
             Slain by a scorpion (4 damage)
             ... on level 5 of the Dungeon.
             The game lasted 00:00:28 (116 turns).

sscrono2 the Sneak (Octopode Delver)                 Turns: 116, Time: 00:00:29

Health: -3/16      AC:  1    Str: 11    XL:     1   Next: 40%
Magic:  1/1        EV: 13    Int: 12    God:
Gold:   12         SH:  0    Dex: 13    Spells: 0/0 levels left

rFire   . . .      SeeInvis .      - Unarmed
rCold   . . .      Faith    .    (no shield)
rNeg    . . .      Spirit   .    (helmet restricted)
rPois   .          Reflect  .    (no amulet)
rElec   .          Harm     .    (no ring)
rCorr   .          Rampage  .    (no ring)
Will    .....                    (no ring)
Stlth   ++++......               (no ring)
HPRegen 0.22/turn                (no ring)
MPRegen 0.07/turn                (no ring)
                                 (no ring)
                                 (no ring)

@: lethally poisoned (-3 -> -20)
A: almost no armour, amphibious, 8 rings, camouflage 1, gelatinous body 1,
(nimble swimmer 1), tentacles
a: no special abilities


You were on level 5 of the Dungeon.
You visited 1 branch of the dungeon, and saw 1 of its levels.

You collected 12 gold pieces.

Inventory:

Wands
 e - a wand of digging (3)
Scrolls
 a - a scroll of fog
 b - a scroll of magic mapping
 c - a scroll of fear
Potions
 d - a potion of haste


   Skills:
 - Level 3.0 Fighting
 - Level 2.0 Dodging
 - Level 6.6 Stealth
 + Level 2.2 Unarmed Combat


You couldn't memorise any spells.
You didn't know any spells.
Your spell library was empty.

Dungeon Overview and Level Annotations

Branches:
Dungeon (5/15)
 Temple: D:4-7

Altars:


Innate Abilities, Weirdness & Mutations

You cannot wear most types of armour.
You are amphibious.
You can wear up to eight rings at the same time.
Your skin changes colour to match your surroundings (Stealth+).
Your rubbery body absorbs attacks. (AC +1, EV +1)
((You are camouflaged when in or above water. (Stealth+)))
You have tentacles for arms and can constrict up to eight enemies at once.


Message History

The helpless dart slug fails to defend itself.
You tentacle-slap the dart slug. You grab the dart slug.
You squeeze the dart slug.
The dart slug is heavily wounded.
You constrict the dart slug. The dart slug closely misses you.
You tentacle-slap the dart slug.
The dart slug is almost dead.
You constrict the dart slug.
You kill the dart slug!
No target in view!
A scorpion comes into view.
You closely miss the scorpion. Your grab misses the scorpion.
The scorpion closely misses you.
You closely miss the scorpion. Your grab misses the scorpion.
The scorpion barely misses you.
You tentacle-slap the scorpion. Your grab misses the scorpion.
You squeeze the scorpion.
The scorpion is moderately wounded.
The scorpion closely misses you.
You tentacle-slap the scorpion but do no damage.
Your grab misses the scorpion. You squeeze the scorpion.
The scorpion is heavily wounded.
The scorpion barely misses you.
You tentacle-slap the scorpion. Your grab misses the scorpion.
Your squeeze misses the scorpion.
The scorpion is severely wounded.
The scorpion stings you!
You are lethally poisoned!
The scorpion poisons you!
You tentacle-slap the scorpion but do no damage.
You grab the scorpion.
You tentacle-slap the scorpion, but do no damage.
The scorpion is severely wounded.
You constrict the scorpion, but do no damage.
You feel very sick. The scorpion stings you.
* * * LOW HITPOINT WARNING * * *
You are more poisoned.
The scorpion poisons you! The scorpion stings you.
You die...

#.......# #......###
#. #........ #.
#......#
#...###......#
.............#
#.#####......# .
#.#......s...#
....##.#....#.@...#
...............######
###.##.#............#
...##.#.........#
#...#..#.........#
.......##.........#
..#..... #.........#
ch..#.#...
#....###### ...
#.#...##....#


You could see a scorpion.

Vanquished Creatures
  A dart slug (D:5)
1 creature vanquished.

Notes
Turn   | Place    | Note
-------+----------+-------------------------------------------
     0 | D:5      | sscrono2 the Octopode Delver began the quest for the Orb.
     0 | D:5      | Reached XP level 1. HP: 16/16 MP: 1/1
     3 | D:5      | Noticed a centaur
     3 | D:5      | Noticed a hound
   107 | D:5      | Noticed a scorpion
   116 | D:5      | Slain by a scorpion

Illustrated notes

Levels and vault maps discovered:
D:5:      layout_basic, general_overflow_altar

Action                   || total
-------------------------++-------
Melee: Unarmed           ||     8
       Tentacles         ||     3
       Constrict         ||     2
       Punch             ||     1
 Stab: Sleeping          ||     1
Dodge: Dodged            ||     5

Table legend: (Time is in decaauts)
 A = Elapsed time spent in this place.
 B = Non-inter-level travel time spent in this place.
 C = Inter-level travel time spent in this place.
 D = Time resting spent in this place.
 E = Time spent auto-exploring this place.
 F = Levels seen in this place.
 G = Mean time per level.
                   A        B        C        D        E       F      G
               +--------+--------+--------+--------+--------+-----+--------+
         Total |    115 |    115 |      0 |      0 |     35 |   1 |  115.0 |
       Dungeon |    115 |    115 |      0 |      0 |     35 |   1 |  115.0 |
               +--------+--------+--------+--------+--------+-----+--------+

Top non-repeatable levels by time:
     D:5: 115 daAuts
